 Dungeon Crawl Stone Soup version 0.22-a0-587-g7d32d7c7ae (webtiles) character file.

1840 Aelund the Cleaver (level 8, 0/71 HPs)
             Began as a Minotaur Fighter on July 4, 2018.
             Was a Priest of Makhleb.
             Killed from afar by an electric eel (9 damage)
             ... with a bolt of electricity
             ... on level 6 of the Dungeon.
             The game lasted 00:14:54 (4478 turns).

Aelund the Cleaver (Minotaur Fighter)               Turns: 4478, Time: 00:14:54

Health: 0/71       AC: 16    Str: 21    XL:     8   Next: 87%
Magic:  9/9        EV:  8    Int:  5    God:    Makhleb [***...]
Gold:   424        SH: 10    Dex: 12    Spells: 7/7 levels left

rFire    . . .     SeeInvis .   q - +0 broad axe
rCold    . . .     Gourm    .   c - +0 shield
rNeg     . . .     Faith    .   l - +0 plate armour
rPois    .         Spirit   .   (helmet restricted)
rElec    .         Reflect  .   (no cloak)
rCorr    .         Harm     .   (no gloves)
MR       .....                  o - +2 pair of boots
Stlth    ..........             (no amulet)
HPRegen  0.21/turn              s - +3 ring of evasion
MPRegen  0.11/turn              (no ring)

@: no status effects
A: retaliatory headbutt, horns 2
a: Minor Destruction, Lesser Servant of Makhleb, Renounce Religion


You were on level 6 of the Dungeon.
You worshipped Makhleb.
Makhleb was most pleased with you.
You were not hungry.

You visited 1 branch of the dungeon, and saw 6 of its levels.
You also visited: Ossuary.

You collected 512 gold pieces.
You spent 88 gold pieces at shops.

Inventory:

Hand Weapons
 q - a +0 broad axe (weapon)
Armour
 c - a +0 shield (worn)
 l - a +0 plate armour (worn)
 o - a +2 pair of boots (worn)
Jewellery
 s - a +3 ring of evasion (left hand)
Wands
 y - a wand of polymorph (13)
Scrolls
 b - 3 scrolls of fear
 e - 6 scrolls of teleportation
 g - a scroll of enchant armour {unknown}
 i - 6 scrolls of remove curse
 j - 2 scrolls of fog {unknown}
 m - 7 scrolls of identify {unknown}
 p - 3 scrolls of magic mapping {unknown}
 r - a scroll of amnesia {unknown}
 u - 2 scrolls of enchant weapon {unknown}
 w - a scroll of blinking {unknown}
 x - a scroll of noise {unknown}
 F - a scroll of random uselessness {unknown}
Potions
 a - 2 potions of brilliance {unknown}
 d - 3 potions of might
 h - 6 potions of curing
 k - 3 potions of flight {unknown}
 n - 2 potions of degeneration {unknown}
 t - a potion of heal wounds
 v - a potion of berserk rage {unknown}
 z - a potion of invisibility {unknown}
 A - 2 potions of haste {unknown}
 B - 2 potions of lignification {unknown}
 C - a potion of resistance {unknown}
 D - a potion of agility {unknown}
Comestibles
 f - 8 rations


   Skills:
 + Level 6.9 Fighting
 * Level 8.7 Axes
 + Level 6.9 Armour
 + Level 6.8 Shields
 + Level 3.1 Invocations


You had 7 spell levels left.
You didn't know any spells.
Your spell library was empty.

Dungeon Overview and Level Annotations

Branches:
Dungeon (6/15)
 Temple: D:4-7

Altars:
Ashenzari
Gozag
Makhleb
Okawaru
Wu Jian
Xom

Shops:
D:4 !   D:6 [(}


Innate Abilities, Weirdness & Mutations

You reflexively headbutt those who attack you in melee.
You have a pair of horns on your head.


Message History

The electric eel shoots out a bolt of lightning at you!
The bolt of electricity hits you!
You hit the electric eel but do no damage.
The electric eel is heavily wounded.
The electric eel shoots out a bolt of lightning at you!
The bolt of electricity hits you!
* * * LOW HITPOINT WARNING * * *
The electric eel shoots out a bolt of lightning at you!
The bolt of electricity hits you!
* * * LOW HITPOINT WARNING * * *
You closely miss the electric eel. Your headbutt misses the electric eel.
The electric eel is heavily wounded.
Your shield and plate armour prevent you from hitting the electric eel.
Your headbutt misses the electric eel.
The electric eel is heavily wounded.
The electric eel shoots out a bolt of lightning at you!
The bolt of electricity hits you!
* * * LOW HITPOINT WARNING * * *
The bolt of electricity hits you!
You die...

#.))#)...[# ##..## ##.......#.##
.....)≈≈≈.####...####.[.........#
...≈≈≈≈#≈...........'............
≈≈≈≈#≈≈≈≈..###...####..........##
≈#≈≈≈≈#≈≈≈.# #..## ##.......#.##
≈≈≈#≈≈≈≈#≈.# #.## ##.....##.##
.≈≈≈≈#≈≈≈≈..##.# ##...###.#
.≈#≈≈≈≈#≈≈≈..#.### ##+## #..
.≈≈≈#≈≈≈≈#≈.[...@# ####
..≈≈≈≈#≈≈≈≈..###.#
#.≈#≈≈≈≈....##≈;≈#
#.≈≈≈....####≈≈≈≈≈ (.....###
#≈≈∩≈≈. ####### #≈≈.≈≈..
##≈.≈#.## ##.##.# #. .#


You could see an electric eel.

Vanquished Creatures
  Edmund (D:4)
  A water moccasin (D:6)
  Duvessa (D:6)
  An orc warrior (D:6)
  An ice beast (D:6)
  A sky beast (D:6)
  An ogre (D:4)
  A centaur (D:5)
  Dowan (D:6)
  5 wights (D:6)
  2 crimson imps
  3 hounds
  A bullfrog skeleton (D:4)
  4 orc priests
  3 orc wizards
  2 worker ants (D:4)
  A killer bee zombie (D:6)
  A big kobold zombie (Ossuary)
  A hound skeleton (D:4)
  8 mummies (Ossuary)
  A howler monkey skeleton (D:4)
  2 worker ant zombies (D:4)
  6 adders
  A shadow imp (D:6)
  An adder zombie (D:4)
  4 worms
  2 dart slugs (D:2)
  4 leopard geckos
  18 orcs
  3 bats
  5 giant cockroaches
  6 goblins
  8 hobgoblins
  6 jackals
  9 kobolds
  A quokka (D:5)
  2 ball pythons
  6 frilled lizards
  A giant cockroach zombie (D:4)
  A gnoll zombie (Ossuary)
  2 hobgoblin zombies (Ossuary)
  A jackal zombie (D:4)
  2 kobold zombies (Ossuary)
  A leopard gecko zombie (D:4)
  2 orc zombies (Ossuary)
  2 quokka skeletons
  5 rats
  2 rat zombies (D:6)
144 creatures vanquished.

Notes
Turn   | Place    | Note
-------+----------+-------------------------------------------
     0 | D:1      | Aelund the Minotaur Fighter began the quest for the Orb.
     0 | D:1      | Reached XP level 1. HP: 19/19 MP: 0/0
   109 | D:1      | Reached XP level 2. HP: 26/27 MP: 1/1
   214 | D:1      | Reached skill level 3 in Axes
   648 | D:2      | Reached XP level 3. HP: 30/33 MP: 2/2
   655 | D:2      | Found a burning altar of Makhleb.
   666 | D:2      | Became a worshipper of Makhleb the Destroyer
   709 | D:2      | Reached XP level 4. HP: 31/40 MP: 3/3
   963 | D:2      | Found an iron altar of Okawaru.
   963 | D:2      | Found a faded altar of an unknown god.
   968 | D:2      | Found an ornate altar of the Wu Jian Council.
   970 | D:2      | Found a faded altar of an unknown god.
   972 | D:2      | Found an opulent altar of Gozag.
  1124 | D:2      | Reached skill level 4 in Axes
  1365 | D:2      | Found a shattered altar of Ashenzari.
  1504 | D:3      | Reached XP level 5. HP: 47/47 MP: 4/4
  2027 | D:4      | Reached * piety under Makhleb
  2100 | D:4      | Noticed Edmund
  2119 | D:4      | Killed Edmund
  2119 | D:4      | Reached skill level 5 in Fighting
  2119 | D:4      | Reached skill level 5 in Axes
  2119 | D:4      | Reached skill level 5 in Armour
  2119 | D:4      | Reached XP level 6. HP: 49/56 MP: 5/5
  2188 | D:4      | Reached skill level 5 in Shields
  2350 | D:4      | Found Ypleir Vistri's Distillery.
  2361 | D:4      | Reached skill level 6 in Axes
  2361 | D:4      | Reached XP level 7. HP: 41/61 MP: 6/6
  2470 | D:4      | Bought a potion of curing for 33 gold pieces
  2470 | D:4      | Bought a potion of heal wounds for 55 gold pieces
  2547 | D:4      | Reached ** piety under Makhleb
  2779 | D:5      | Entered Level 5 of the Dungeon
  3172 | D:5      | Paralysed by an orc for 5 turns
  3267 | D:5      | Found a shimmering altar of Xom.
  3479 | D:6      | Found Widwitri's Antique Weapon Emporium.
  3502 | D:6      | Reached skill level 1 in Invocations
  3548 | D:6      | Found a sand-covered staircase.
  3563 | Ossuary  | Entered an ossuary
  3578 | Ossuary  | Reached skill level 7 in Axes
  3773 | D:6      | Noticed Duvessa
  3774 | D:6      | Noticed Dowan
  3782 | D:6      | Killed Duvessa
  3782 | D:6      | Reached XP level 8. HP: 70/70 MP: 8/8
  3791 | D:6      | Killed Dowan
  3995 | D:6      | Reached skill level 8 in Axes
  4028 | D:6      | Reached *** piety under Makhleb
  4077 | D:6      | Found Defiuluo's Gadget Shop.
  4461 | D:6      | Found Kunuafuc's Antique Armour Boutique.
  4478 | D:6      | Killed from afar by an electric eel

Vault maps used:
D:1:      mainiacjoe_arrival_reflecting_pool
D:2:      ashenzari_altar_1, chequers_temple_overflow_minitemple,
          makhleb_blood_cavern_becter
D:3:      first_ration
D:4:      serial_undead, serial_undead_d, serial_undead_b, serial_undead_a,
          serial_undead_c, kennysheep_small_square, uniq_edmund
D:5:      tgw_xom
D:6:      serial_shops, nicolae_shop_stone, nicolae_shop_statue_plus, shop,
          nicolae_shop_waterfront, enter_ossuary_4, nicolae_lava_and_water,
          supply_closet_lemuel, uniq_duvessa
Ossuary:  ossuary_tomb_3

Skill      XL: |  1  2  3  4  5  6  7  8 |
---------------+-------------------------+-----
Axes           | 3 4 5 6 7 8 |  8.7
Fighting       | 4 5 6 |  6.9
Armour         | 4 5 6 |  6.9
Shields        | 4 5 6 |  6.8
Invocations    | 1 3 |  3.1

Action                   |  1- 3 |  4- 6 |  7- 9 || total
-------------------------+-------+-------+-------++-------
Melee: War axe           |    60 |   103 |       ||   163
       Headbutt          |    10 |    33 |    42 ||    85
       Broad axe         |       |    42 |   213 ||   255
Evoke: Wand              |       |       |     1 ||     1
  Use: Potion            |     1 |       |     1 ||     2
       Scroll            |       |       |     4 ||     4
  Eat: Chunk             |       |     3 |     2 ||     5
       Ration            |       |     1 |     1 ||     2
Armor: Scale mail        |    27 |    14 |       ||    41
       Plate armour      |       |    59 |    97 ||   156
Dodge: Dodged            |    24 |    29 |    44 ||    97
Block: Shield            |    31 |    69 |   102 ||   202

Table legend:
 A = Spawn XP
 B = Non-spawn XP
 C = Spawn XP percentage of total XP
 D = Spawn monster count
 E = Non-spawn monster count
 F = Spawn count percentage of total count
 G = Total turns spent on level
                    A         B        C        D         E        F      G
               +---------+---------+-------+---------+---------+-------+---------
         Total |       0 |    2629 |   0.0 |       0 |     144 |   0.0 |  4478
               +---------+---------+-------+---------+---------+-------+---------
           D:1 |       0 |      24 |   0.0 |       0 |      17 |   0.0 |   504
           D:2 |       0 |     131 |   0.0 |       0 |      30 |   0.0 |   962
           D:3 |       0 |      83 |   0.0 |       0 |      11 |   0.0 |   551
           D:4 |       0 |     571 |   0.0 |       0 |      29 |   0.0 |   762
           D:5 |       0 |     264 |   0.0 |       0 |      15 |   0.0 |   700
           D:6 |       0 |    1379 |   0.0 |       0 |      26 |   0.0 |   818
       Ossuary |       0 |     177 |   0.0 |       0 |      16 |   0.0 |   181
               +---------+---------+-------+---------+---------+-------+---------
